 Dungeon Crawl Stone Soup version 0.19.1 (webtiles) character file.

644 Nihil the Covert (level 7, -8/32 HPs)
             Began as a Spriggan Enchanter on Dec 8, 2016.
             Was a Follower of Nemelex Xobeh.
             Killed from afar by an orc wizard (10 damage)
             ... with a puff of flame
             ... on level 6 of the Dungeon.
             The game lasted 00:15:22 (6210 turns).

Nihil the Covert (Spriggan Enchanter)               Turns: 6210, Time: 00:15:22

Health: -8/32      AC:  4    Str:  2 (4)  XL:     7   Next: 26%
Magic:  4/14       EV: 20    Int: 16 (17) God:    Nemelex Xobeh [*.....]
Gold:   231        SH:  0    Dex: 16 (18) Spells: 4 memorised, 5 levels left

rFire  . . .     SeeInvis +     h - +2 dagger (freeze)
rCold  . . .     Gourm    .     b - +2 robe
rNeg   . . .     Faith    .     (shield restricted)
rPois  .         Spirit   .     (helmet restricted)
rElec  .         Reflect  .     (no cloak)
rCorr  .         Harm     .     (gloves unavailable)
MR     +....                    (boots unavailable)
Stlth  ++++......               (no amulet)
                                (no ring)
                                (no ring)

@: very slightly contaminated, invisible, very quick
A: unfitting armour, see invisible, herbivore 3, speed 3, slow metabolism 2
a: Renounce Religion


You were on level 6 of the Dungeon.
You worshipped Nemelex Xobeh.
Nemelex Xobeh was aware of your devotion.
You were not hungry.

You visited 1 branch of the dungeon, and saw 6 of its levels.

You collected 231 gold pieces.

Inventory:

Hand Weapons
 h - a +2 dagger of freezing (weapon)
Armour
 b - a +2 robe (worn)
Scrolls
 e - 2 scrolls of enchant armour
 g - 2 scrolls of identify
 k - a scroll of amnesia
 l - a scroll of remove curse {unknown}
 m - a scroll of noise {unknown}
 p - 2 scrolls of enchant weapon
Potions
 f - a potion of haste {unknown}
 i - 3 potions of degeneration
 j - a potion of agility {unknown}
Books
 c - a book of Maledictions

   Spells                             Type                      Level
   a - Corona                         Hexes                        1
   b - Ensorcelled Hibernation        Hexes/Ice                    2
   c - Confuse                        Hexes                        3
   d - Tukima's Dance                 Hexes                        3
   e - Dazzling Spray                 Conjuration/Hexes            3
Miscellaneous
 o - a plain deck of escape
Comestibles
 d - 3 bread rations


   Skills:
 + Level 0.5 Fighting
 + Level 3.9 Short Blades
 + Level 4.4 Dodging
 + Level 9.2 Stealth
 + Level 4.4 Spellcasting
 + Level 4.7 Hexes


You had 5 spell levels left.
You knew the following spells:

 Your Spells              Type           Power        Failure   Level  Hunger
a - Corona                Hex            ###....      2%          1    None
b - Ensorcelled Hibernat  Hex/Ice        ##....       12%         2    ##.....
c - Dazzling Spray        Conj/Hex       ##....       21%         3    ###....
d - Confuse               Hex            ###.....     10%         3    ###....


Dungeon Overview and Level Annotations

Branches:
Dungeon (6/15)             Temple (0/1) D:5

Altars:
Ashenzari
Nemelex Xobeh
Sif Muna
Vehumet
Xom


Innate Abilities, Weirdness & Mutations

You are very small and have problems with some larger weapons.
You are too small for most types of armour.
You have supernaturally acute eyesight. (SInv)
You are a herbivore.
You cover ground extremely quickly.
You need consume almost no food.


Message History

The orc priest miscasts a cantrip.
The orc priest invokes the aid of Beogh against you.
Beogh smites you!
* * * LOW HITPOINT WARNING * * *
The orc wizard casts a spell.
The orc wizard blinks!
The orc wizard casts a spell at you. The puff of frost hits you!
* * * LOW HITPOINT WARNING * * *
It was a potion of degeneration.
There was something very wrong with that liquid.
You feel weakened.
You feel dopey.
You feel clumsy.
The orc wizard looks encouraged for a moment.
Okay, then.
It was a potion of invisibility.
You fade into invisibility!
The orc wizard gestures at you while chanting.
The puff of flame hits you!
You die...
Your body disappears without a glow.

##### #.... #.#.# #$#.#
#.#.# ### #.#.####
#..§######.#.##.##
#..[o.Fo.......##
.....#######@#.....<###..#
... #.#....†.......# .
#.##.....###...#
#.###...## .# #.........
######.##. ##. ..


You could see a bullfrog, an orc priest and an orc wizard.

Vanquished Creatures
  2 sky beasts
  2 centaur skeletons
  An orc priest (D:5)
  An orc wizard (D:5)
  Terence (D:2)
  3 worker ants
  A hound skeleton (D:4)
  A howler monkey skeleton (D:6)
  2 gnolls (D:1)
  10 adders
  3 worms (D:2)
  3 dart slugs
  2 leopard geckos
  12 orcs
  4 giant cockroaches
  9 goblins
  10 hobgoblins
  5 jackals
  11 bats
  8 frilled lizards
  14 kobolds
  7 rats
112 creatures vanquished.

Vanquished Creatures (others)
  2 jackals (D:3)
2 creatures vanquished.

Grand Total: 114 creatures vanquished

Notes
Turn   | Place    | Note
-------+----------+-------------------------------------------
     0 | D:1      | Nihil the Spriggan Enchanter began the quest for the Orb.
     0 | D:1      | Reached XP level 1. HP: 9/9 MP: 5/5
    54 | D:1      | Reached XP level 2. HP: 13/13 MP: 6/6
   443 | D:1      | Reached skill level 5 in Stealth
  1607 | D:1      | Reached XP level 3. HP: 10/16 MP: 8/8
  1992 | D:1      | Learned a level 2 spell: Ensorcelled Hibernation
  2808 | D:2      | Reached XP level 4. HP: 21/21 MP: 9/9
  3000 | D:2      | Found a shattered altar of Ashenzari.
  3036 | D:2      | Noticed Terence
  3205 | D:2      | Killed Terence
  3213 | D:2      | Reached skill level 6 in Stealth
  3291 | D:2      | Found a shimmering altar of Xom.
  3580 | D:3      | Reached XP level 5. HP: 24/24 MP: 2/11
  3649 | D:3      | Found a radiant altar of Vehumet.
  3692 | D:3      | Found a sparkling altar of Nemelex Xobeh.
  3696 | D:3      | Became a worshipper of Nemelex Xobeh the Trickster
  3736 | D:3      | Found a deep blue altar of Sif Muna.
  3762 | D:3      | Received a gift from Nemelex Xobeh
  4435 | D:4      | Reached skill level 7 in Stealth
  4614 | D:4      | Reached XP level 6. HP: 26/28 MP: 10/13
  4673 | D:4      | Learned a level 3 spell: Dazzling Spray
  4677 | D:4      | Learned a level 3 spell: Confuse
  4784 | D:4      | Reached * piety under Nemelex Xobeh
  5418 | D:5      | Entered Level 5 of the Dungeon
  5458 | D:5      | Found a staircase to the Ecumenical Temple.
  5768 | D:5      | Reached skill level 8 in Stealth
  6001 | D:5      | Noticed a sky beast
  6008 | D:5      | Killed a sky beast
  6008 | D:5      | Reached XP level 7. HP: 32/32 MP: 14/14
  6155 | D:6      | Reached skill level 9 in Stealth
  6208 | D:6      | HP: 1/32 [orc wizard/puff of frost (4)]
  6210 | D:6      | Killed from afar by an orc wizard

Skill      XL: |  1  2  3  4  5  6  7 |
---------------+----------------------+-----
Spellcasting   | 3 4 |  4.4
Stealth        | 5 6 7 8 9 |  9.2
Short Blades   | 2 3 |  3.9
Hexes          | 4 |  4.7
Dodging        | 4 |  4.4
Fighting       | |  0.5

Action                   |  1- 3 |  4- 6 |  7- 9 || total
-------------------------+-------+-------+-------++-------
Melee: Dagger            |   167 |   190 |    19 ||   376
 Cast: Ensorcelled Hiber |     6 |    30 |     2 ||    38
       Dazzling Spray    |       |     2 |     3 ||     5
       Confuse           |       |     1 |       ||     1
  Use: Scroll            |       |     9 |       ||     9
       Potion            |       |       |     2 ||     2
 Stab: Sleeping          |    11 |    33 |     2 ||    46
       Distracted        |     2 |     1 |       ||     3
       Confused          |       |     1 |       ||     1
       Invisible         |       |       |     1 ||     1
  Eat: Bread ration      |       |     1 |       ||     1
Armor: Robe              |    19 |    28 |       ||    47
Dodge: Dodged            |   158 |   128 |    12 ||   298
